 Dungeon Crawl Stone Soup version 0.21-a0-401-g0b6bec4 (webtiles) character file.

89 zero the Skirmisher (level 4, -3/29 HPs)
             Began as a Gargoyle Berserker on Oct 21, 2017.
             Was a Believer of Trog.
             Slain by a worm (7 damage)
             ... on level 2 of the Dungeon.
             The game lasted 00:01:01 (1067 turns).

zero the Skirmisher (Gargoyle Berserker)            Turns: 1067, Time: 00:01:02

Health: -3/29      AC:  5    Str: 22    XL:     4   Next: 55%
Magic:  4/4        EV: 12    Int:  7    God:    Trog [**....]
Gold:   68         SH:  0    Dex:  9    Spells: 3/3 levels left

rFire    . . .     SeeInvis .   a - +0 hand axe
rCold    . . .     Gourm    .   (no shield)
rNeg     + . .     Faith    .   b - +0 animal skin
rPois    ∞         Spirit   .   (no helmet)
rElec    +         Reflect  .   (no cloak)
rCorr    .         Harm     .   (no gloves)
MR       .....                  (no boots)
Stlth    +.........             (no amulet)
HPRegen  0.09/turn              (no ring)
MPRegen  0.09/turn              (no ring)

@: no status effects
A: negative energy resistance 1, electricity resistance, unbreathing,
petrification resistance, rot immunity, AC +3
a: Berserk, Trog's Hand, Burn Spellbooks, Renounce Religion


You were on level 2 of the Dungeon.
You worshipped Trog.
Trog was pleased with you.
You were not hungry.

You visited 1 branch of the dungeon, and saw 2 of its levels.

You collected 68 gold pieces.

Inventory:

Hand Weapons
 a - a +0 hand axe (weapon)
Armour
 b - a +0 animal skin (worn)
Scrolls
 f - 3 scrolls of teleportation {unknown}
 g - a scroll of identify {unknown}
Potions
 d - a potion of lignification {unknown}
 e - a potion of might {unknown}
 h - a potion of brilliance {unknown}
Comestibles
 c - 2 chunks of flesh


   Skills:
 + Level 4.0 Fighting
 * Level 3.8 Axes
 + Level 3.1 Armour
 - Level 1.5 Dodging


You had 3 spell levels left.
You didn't know any spells.

Dungeon Overview and Level Annotations

Branches:
Dungeon (2/15)

Altars:
Sif Muna


Innate Abilities, Weirdness & Mutations

You are resistant to torment.
Your stone body is resilient. (AC +3)
You are immune to poison.
You resist negative energy. (rN+)
You are resistant to electric shocks. (rElec)
You can survive without breathing.
You are immune to petrification.
You are immune to rotting.


Message History

The worm barely misses you.
You barely miss the worm.
The worm is severely wounded.
The worm bites you!
* * * LOW HITPOINT WARNING * * *
You barely miss the worm.
The worm is severely wounded.
You hit the worm but do no damage.
The worm is severely wounded.
The worm barely misses you.
You barely miss the worm.
The worm is severely wounded.
The worm bites you.
* * * LOW HITPOINT WARNING * * *
You hit the worm.
The worm is severely wounded.
You hit the worm but do no damage.
The worm is severely wounded.
The worm bites you!
You die...

...........##
##..........#####.
.'.......(........
##..........######
#...............#
#..(.....(.####.#
#.......[.....#.#
#.............#.#
##..........#.##@#
...........#####w#
#.#.......... ..#
#.########### ####
#........
#########


You could see a worm.

Vanquished Creatures
  Terence (D:2)
  4 adders (D:2)
  An ooze (D:2)
  A worm (D:2)
  A dart slug (D:1)
  3 giant cockroaches
  A goblin (D:2)
  3 hobgoblins
  2 kobolds (D:1)
  6 bats
  3 rats
26 creatures vanquished.

Notes
Turn   | Place    | Note
-------+----------+-------------------------------------------
     0 | D:1      | zero the Gargoyle Berserker began the quest for the Orb.
     0 | D:1      | Reached XP level 1. HP: 14/14 MP: 1/1
   106 | D:1      | Reached XP level 2. HP: 18/19 MP: 2/2
   562 | D:2      | Reached XP level 3. HP: 18/23 MP: 3/3
   587 | D:2      | Noticed Terence
   601 | D:2      | Killed Terence
   722 | D:2      | Reached XP level 4. HP: 22/29 MP: 4/4
   908 | D:2      | Reached ** piety under Trog
   940 | D:2      | Reached skill level 4 in Fighting
   995 | D:2      | Found a deep blue altar of Sif Muna.
  1067 | D:2      | Slain by a worm

Vault maps used:
D:1:      dpeg_arrival_arbitrary_c
D:2:      minmay_wonky_spiral, old_standard_altar, bloody_trog,
          lemuel_blue_sif_altar, uniq_terence

Skill      XL: |  1  2  3  4 |
---------------+-------------+-----
Axes           | 3 |  3.8
Armour         | 3 |  3.1
Fighting       | 4 |  4.0
Dodging        | |  1.5

Action                   |  1- 3 |  4- 6 || total
-------------------------+-------+-------++-------
Melee: Hand axe          |    66 |    36 ||   102
Invok: Berserk           |     1 |     1 ||     2
 Stab: Sleeping          |     1 |     1 ||     2
  Eat: Bread ration      |       |     1 ||     1
Armor: Animal skin       |    27 |    13 ||    40
Dodge: Dodged            |    39 |    33 ||    72

Table legend:
 A = Spawn XP
 B = Non-spawn XP
 C = Spawn XP percentage of total XP
 D = Spawn monster count
 E = Non-spawn monster count
 F = Spawn count percentage of total count
 G = Total turns spent on level
                    A         B        C        D         E        F      G
               +---------+---------+-------+---------+---------+-------+---------
         Total |       0 |     128 |   0.0 |       0 |      26 |   0.0 |  1067
               +---------+---------+-------+---------+---------+-------+---------
           D:1 |       0 |      19 |   0.0 |       0 |      12 |   0.0 |   542
           D:2 |       0 |     109 |   0.0 |       0 |      14 |   0.0 |   525
               +---------+---------+-------+---------+---------+-------+---------
